 Dungeon Crawl Stone Soup version 0.23.2-1-ga50397a6bc (webtiles) character file.

Game seed: 7580125158562480485

105 Cryn the Skirmisher (level 4, -2/40 HPs)
             Began as a Centaur Monk on Apr 22, 2019.
             Slain by Ethylacetat's ghost (11 damage)
             ... on level 3 of the Dungeon.
             The game lasted 00:12:00 (1798 turns).

Cryn the Skirmisher (Centaur Monk)                  Turns: 1798, Time: 00:12:01

Health: -2/40      AC:  6    Str: 14    XL:     4   Next: 53%
Magic:  4/4        EV:  8    Int:  9    God:
Gold:   141        SH:  0    Dex: 12    Spells: 3/3 levels left

rFire    . . .     SeeInvis .   a - +0 spear
rCold    . . .     Gourm    .   (no shield)
rNeg     . . .     Faith    .   k - +0 scale mail
rPois    .         Spirit   .   (no helmet)
rElec    .         Reflect  .   (no cloak)
rCorr    .         Harm     .   (no gloves)
MR       .....                  (no barding)
Stlth    +.........             (no amulet)
HPRegen  0.13/turn              j - ring of stealth
MPRegen  0.09/turn              (no ring)

@: very quick
A: large, hooves 3, deformed body, speed 2, tough skin 3
a: no special abilities


You were on level 3 of the Dungeon.
You were not hungry.

You visited 1 branch of the dungeon, and saw 3 of its levels.

You collected 141 gold pieces.

Inventory:

Hand Weapons
 a - a +0 spear (weapon)
 n - a +0 spear
Armour
 b - a +0 robe
 h - a +0 ring mail
 k - a +0 scale mail (worn)
 l - a +0 buckler
Jewellery
 j - a ring of stealth (left hand)
Wands
 m - a wand of disintegration (9)
Scrolls
 e - 3 scrolls of remove curse {unknown}
 i - a scroll of identify {unknown}
Potions
 d - a potion of brilliance {unknown}
 f - a potion of curing {unknown}
 g - a potion of berserk rage {unknown}
 o - a potion of cancellation {unknown}
 p - a potion of heal wounds {unknown}
Comestibles
 c - 4 rations


   Skills:
 + Level 3.9 Fighting
 + Level 3.7 Polearms
 + Level 0.5 Armour
 + Level 2.5 Dodging
 + Level 1.2 Stealth


You had 3 spell levels left.
You didn't know any spells.
Your spell library was empty.

Dungeon Overview and Level Annotations

Branches:
Dungeon (3/15)

Altars:
Okawaru

Annotations:
D:3 Ethylacetat's ghost, amateur DsGl


Innate Abilities, Weirdness & Mutations

You have hooves in place of feet.
Armour fits poorly on your strangely shaped body.
You cover ground very quickly.
You have extremely tough skin. (AC +3)


Message History

Ethylacetat's ghost hits you but does no damage.
You hit Ethylacetat's ghost.
Ethylacetat's ghost is lightly damaged.
Ethylacetat's ghost misses you.
You closely miss Ethylacetat's ghost.
Ethylacetat's ghost is lightly damaged.
You barely miss Ethylacetat's ghost.
Ethylacetat's ghost is lightly damaged.
You feel sick.
You are no longer poisoned.
Ethylacetat's ghost closely misses you.
You closely miss Ethylacetat's ghost.
Ethylacetat's ghost is lightly damaged.
Ethylacetat's ghost hits you.
You miss Ethylacetat's ghost.
Ethylacetat's ghost is lightly damaged.
Ethylacetat's ghost hits you!
* * * LOW HITPOINT WARNING * * *
Ethylacetat's ghost hits you!
You die...

.####≈# ....#
..##!# ....#
...#≈#.....#
#.##≈#$....#
#.##≈#.[...#
#.##≈#.....#
#..#..#W#.....#
#..#..@........
##..#)#######...
...#.# ####..#.#
.....#.#
#######..#.#
........<.)#
######.#### #.#


You could see Ethylacetat's ghost.

Vanquished Creatures
  3 gnolls
  3 adders
  A dart slug (D:2)
  5 leopard geckos
  2 ball pythons (D:1)
  3 bats
  4 giant cockroaches
  8 goblins
  A hobgoblin (D:2)
  5 kobolds
  3 frilled lizards
  6 rats
44 creatures vanquished.

Notes
Turn   | Place    | Note
-------+----------+-------------------------------------------
     0 | D:1      | Cryn the Centaur Monk began the quest for the Orb.
     0 | D:1      | Reached XP level 1. HP: 19/19 MP: 1/1
    85 | D:1      | Reached XP level 2. HP: 21/26 MP: 2/2
   612 | D:2      | Reached XP level 3. HP: 28/31 MP: 3/3
   768 | D:2      | Found an iron altar of Okawaru.
  1273 | D:3      | Noticed Ethylacetat's ghost (amateur DsGl)
  1295 | D:2      | Reached XP level 4. HP: 11/40 MP: 4/4
  1775 | D:3      | Found a runed translucent door.
  1798 | D:3      | Slain by Ethylacetat's ghost

Skill      XL: |  1 |
---------------+----+-----
Polearms       | 3 |  3.7
Fighting       | |  3.9
Armour         | |  0.5
Dodging        | |  2.5
Stealth        | |  1.2

Action                   |  1- 3 |  4- 6 || total
-------------------------+-------+-------++-------
Melee: Spear             |   118 |    25 ||   143
       Kick              |    23 |     5 ||    28
  Eat: Ration            |       |     1 ||     1
Armor: Robe              |     5 |       ||     5
       Ring mail         |    17 |       ||    17
       Scale mail        |    22 |     8 ||    30
Dodge: Dodged            |    57 |    12 ||    69
